 Dungeon Crawl Stone Soup version 0.28-a0-1389-gc726bef33b (webtiles) character file.

Game seed: 16268205084824381627

5004 Conn the Arsonist (level 10, -8/63 HPs)
             Began as an Octopode Fire Elementalist on Jan 2, 2022.
             Was a Follower of Sif Muna.
             Mangled by a hornet (13 damage)
             ... on level 7 of the Dungeon on Jan 3, 2022.
             The game lasted 00:28:19 (9968 turns).

Conn the Arsonist (Octopode Fire Elementalist)      Turns: 9968, Time: 00:28:21

Health: -8/63      AC:  1    Str:  7    XL:     10   Next: 54%
Magic:  10/21      EV: 14    Int: 22    God:    Sif Muna [*.....]
Gold:   248        SH:  0    Dex: 13    Spells: 11/24 levels left

rFire   + . .      SeeInvis .   q - +7 long sword of Pecad {holy, rPois rF+ rN+}
rCold   . . .      Faith    .   g - orb {guile}
rNeg    + . .      Spirit   .   (helmet restricted)
rPois   +          Reflect  .   e - amulet of the acrobat
rElec   .          Harm     .   (no ring)
rCorr   .          Rampage  .   (no ring)
Will    .....                   (no ring)
Stlth   ++++......              (no ring)
HPRegen 0.20/turn               (no ring)
MPRegen 0.17/turn               (no ring)
                                (no ring)
                                (no ring)

@: lethally poisoned (-8 -> -19), very slightly contaminated
A: almost no armour, amphibious, 8 rings, camouflage 1, gelatinous body 1,
(nimble swimmer 1), tentacles
a: Renounce Religion, Channel Magic


You were on level 7 of the Dungeon.
You worshipped Sif Muna.
Sif Muna was aware of your devotion.
You visited 2 branches of the dungeon, and saw 8 of its levels.

You collected 353 gold pieces.
You spent 105 gold pieces at shops.

Inventory:

Hand Weapons
 j - a +0 short sword of flaming
 q - the +7 long sword of Pecad (weapon) {holy, rPois rF+ rN+}
   (You found it on level 4 of the Dungeon)

   It has been blessed by the Shining One to cause great damage to the undead
   and demons.
   rF:        It protects you from fire.
   rPois:     It protects you from poison.
   rN:        It protects you from negative energy.
 w - the +4 spear of Discomfort {venom, rElec Str-5 Int+4 SInv}
   (You found it on level 5 of the Dungeon)

   It poisons the flesh of those it strikes.
   Str:       It affects your strength (-5).
   Int:       It affects your intelligence (+4).
   rElec:     It insulates you from electricity.
   SInv:      It lets you see invisible.
Missiles
 r - 46 poisoned darts
 t - a throwing net
 v - a curare-tipped dart
 x - 5 silver javelins
Armour
 g - an orb of guile (worn)
Jewellery
 e - an amulet of the acrobat (around mantle)
 C - a ring of protection from cold
Wands
 c - a wand of iceblast (1)
 y - a wand of charming (9)
Scrolls
 f - a scroll of teleportation
 k - a scroll of enchant armour {unknown}
 o - a scroll of immolation
 s - a scroll of magic mapping
 u - a scroll of blinking
Potions
 a - a potion of flight
 b - a potion of haste
 d - a potion of brilliance
 h - a potion of might
 i - a potion of heal wounds
 l - a potion of resistance {unknown}
 m - a potion of ambrosia
 n - 2 potions of curing
 p - a potion of lignification
 z - 2 potions of attraction {unknown}
 A - a potion of mutation {unknown}
 B - a potion of magic {unknown}


   Skills:
 + Level 3.2 Fighting
 + Level 2.0(2.9) Short Blades
 + Level 3.1(3.4) Long Blades
 + Level 0.1 Throwing
 + Level 3.4 Dodging
 + Level 5.1 Stealth
 + Level 7.7 Spellcasting
 + Level 5.7 Conjurations
 + Level 1.4 Hexes
 * Level 9.3 Fire Magic
 + Level 2.2 Evocations


You had 11 spell levels left.
You knew the following spells:

 Your Spells              Type           Power      Damage    Failure   Level
a - Foxfire               Conj/Fire      100%       2x1d9     1%          1
b - Conjure Flame         Conj/Fire      41%        6-21      1%          3
c - Inner Flame           Hex/Fire       32%        N/A       2%          3
d - Flame Wave            Conj/Fire      41%        2d8       3%          4
e - Scorch                Fire           98%        2d9       1%          2

Your spell library contained the following spells:

 Spells                   Type           Power      Damage    Failure   Level
 Olgreb's Toxic Radiance  Pois           8%         N/A       58%         4
 Ozocubu's Refrigeration  Ice            4%         4d5       100%        7
 Ignition                 Fire           24%        3d8       100%        8


Dungeon Overview and Level Annotations

Branches:
Dungeon (7/15)             Temple (1/1) D:6

Altars:
Ashenzari
Cheibriados
Dithmenos
Elyvilon
Fedhas
Gozag
Ru
Sif Muna
Trog
Uskayaw
Vehumet
Wu Jian
Xom
Zin
The Shining One

Shops:
D:4 ?


Innate Abilities, Weirdness & Mutations

You cannot wear most types of armour.
You are amphibious.
You can wear up to eight rings at the same time.
Your skin changes colour to match your surroundings (Stealth+).
Your rubbery body absorbs attacks. (AC +1, EV +1)
((You are camouflaged when in or above water. (Stealth+)))
You have tentacles for arms and can constrict up to eight enemies at once.


Message History

The foxfire hits the gnoll sergeant.
The gnoll sergeant is heavily wounded.
The gnoll sergeant zaps a wand.
You suddenly lose the ability to move!
The foxfire hits the hornet.
The hornet is severely wounded.
The foxfire hits the hornet.
The hornet is almost dead.
The hornet stings you! x2; You feel yourself slow down.
The hornet barely misses you.
The gnoll sergeant throws a stone.
The stone barely misses you.
The stone barely misses the hornet.
You feel yourself speed up. The hornet stings you!! The hornet stings you.
You feel yourself slow down. The hornet stings you.
You can move again.
Unknown command.
Unknown command.
Unknown command.
Casting: Foxfire (safe; 1% risk of failure)
Confirm with . or Enter, or press ? or * to list all spells.
Okay, then.
Unknown command.
Okay, then.
Unknown command.
Unknown command.
Casting: Foxfire (safe; 1% risk of failure)
Confirm with . or Enter, or press ? or * to list all spells.
Casting: Flame Wave (dangerous; 3% risk of failure)
Press: ? - help, Dir - look around, f - activate You miscast Flame Wave.
You are very lightly contaminated with residual magic.
Nothing appears to happen.
You feel yourself speed up. The hornet barely misses you.
The gnoll sergeant zaps a wand.
You shrug off the repeated paralysis!
The hornet stings you.
* * * LOW HITPOINT WARNING * * *
You are poisoned.
The gnoll hits you from afar with a +0 halberd!
* * * LOW HITPOINT WARNING * * *
The gnoll sergeant closely misses you. The hornet stings you!
You die...

..'....#..#...................#
..#....####...................#
###....# #...................#
.. ########............# ###
#............# ....
#............#
....#######............#
.......g...............#
.......g.@y............#
##...................#
.')..<...####........# ###..
.#...[[..# #........# .....
..#####'###..#........# .....
.......).....#........# #####
.#####.......#........# .
#.......#........ #.l #.#.#####


You could see a hornet, a gnoll sergeant and a gnoll.

Vanquished Creatures
  2 skeletal warriors
  Prince Ribbit (D:5)
  A hornet (D:7)
  Sigmund (D:4)
  A wyvern (D:7)
  2 steam dragons
  Duvessa (D:7)
  A sky beast (D:7)
  2 necrophages
  An ice beast (D:5)
  2 black bears (D:6)
  An ogre (D:6)
  2 centaurs
  2 phantoms
  A kobold brigand (D:7)
  A gnoll sergeant (D:5)
  A bullfrog (D:6)
  3 scorpions
  Dowan (D:7)
  A water moccasin skeleton (D:6)
  A wyvern skeleton (D:7)
  2 bullfrog zombies
  A centaur zombie (D:6)
  Crazy Yiuf (D:4)
  2 hounds
  A jelly (D:4)
  Natasha (twice) (D:2)
  2 iguanas
  3 orc wizards
  2 hound skeletons (D:4)
  9 gnolls
  5 adders
  A howler monkey skeleton (D:4)
  An ufetubus (D:7)
  4 worms
  3 dart slugs
  15 orcs
  8 endoplasms
  3 giant cockroaches (D:2)
  6 goblins
  3 hobgoblins
  4 jackals (D:3)
  6 quokkas
  10 ball pythons
  6 bats
  A frilled lizard (D:3)
  7 kobolds
  3 rats
140 creatures vanquished.

Vanquished Creatures (collateral kills)
  2 skeletal warriors (D:6)
  A foxfire (D:4)
3 creatures vanquished.

Vanquished Creatures (others)
  529 foxfires
529 creatures vanquished.

Grand Total: 672 creatures vanquished

Notes
Turn   | Place    | Note
-------+----------+-------------------------------------------
     0 | D:1      | Conn the Octopode Fire Elementalist began the quest for the
                  | Orb.
     0 | D:1      | Reached XP level 1. HP: 11/11 MP: 3/3
   143 | D:1      | Reached XP level 2. HP: 17/17 MP: 1/5
   645 | D:1      | Found a faded altar of an unknown god.
   917 | D:1      | Reached XP level 3. HP: 21/21 MP: 2/6
  2359 | D:2      | Reached XP level 4. HP: 27/27 MP: 7/7
  2501 | D:2      | Noticed Natasha
  2509 | D:2      | Killed Natasha
  2680 | D:2      | Noticed Natasha
  2684 | D:2      | Killed Natasha
  2881 | D:3      | Reached XP level 5. HP: 19/32 MP: 7/10
  2891 | D:3      | Reached skill level 4 in Fire Magic
  4134 | D:4      | Noticed a steam dragon
  4145 | D:4      | Learned a level 3 spell: Conjure Flame
  4149 | D:4      | Learned a level 3 spell: Inner Flame
  4154 | D:4      | Learned a level 4 spell: Flame Wave
  4229 | D:4      | Found a blossoming altar of Fedhas.
  4255 | D:4      | Reached XP level 6. HP: 29/37 MP: 6/11
  4258 | D:4      | Reached skill level 1 in Fighting
  4285 | D:4      | Killed a steam dragon
  4286 | D:4      | Reached skill level 1 in Short Blades
  4443 | D:4      | Found Cyineiw's Magic Scroll Emporium.
  4445 | D:4      | Noticed Sigmund
  4459 | D:4      | Noticed a black bear
  4718 | D:3      | Learned a level 2 spell: Scorch
  5055 | D:4      | Killed Sigmund
  5056 | D:4      | Reached XP level 7. HP: 44/44 MP: 5/13
  5182 | D:4      | Bought a scroll of blinking for 105 gold pieces
  5207 | D:4      | Identified the +7 long sword of Pecad {holy, rPois rF+ rN+}
  5458 | D:4      | Found a shadowy altar of Dithmenos.
  5459 | D:4      | Found a radiant altar of Vehumet.
  5807 | D:4      | Found a runed translucent door.
  5808 | D:4      | Noticed Crazy Yiuf
  5815 | D:4      | Killed Crazy Yiuf
  5895 | D:5      | Entered Level 5 of the Dungeon
  5936 | D:5      | Reached skill level 5 in Fire Magic
  6003 | D:5      | Reached XP level 8. HP: 23/50 MP: 12/15
  6271 | D:5      | Reached skill level 1 in Long Blades
  6271 | D:5      | Reached skill level 1 in Evocations
  6694 | D:5      | Noticed Prince Ribbit
  6700 | D:5      | Killed Prince Ribbit
  6701 | D:5      | Reached skill level 5 in Spellcasting
  6883 | D:5      | Identified the +4 spear of Discomfort {venom, rElec Str-5
                  | Int+4 SInv}
  7080 | D:6      | Noticed a skeletal warrior
  7080 | D:6      | Noticed a skeletal warrior
  7081 | D:6      | Noticed a skeletal warrior
  7081 | D:6      | Noticed a skeletal warrior
  7317 | D:4      | Killed a skeletal warrior
  7318 | D:4      | Reached skill level 6 in Fire Magic
  7318 | D:4      | Reached XP level 9. HP: 24/56 MP: 1/18
  7521 | D:6      | Found a staircase to the Ecumenical Temple.
  7530 | Temple   | Entered the Ecumenical Temple
  7534 | Temple   | Became a worshipper of Sif Muna the Loreminder
  7958 | D:6      | Reached skill level 7 in Fire Magic
  8013 | D:6      | Found a white marble altar of Elyvilon.
  8203 | D:6      | Killed a skeletal warrior
  8204 | D:6      | Reached skill level 5 in Conjurations
  8204 | D:6      | Reached skill level 1 in Hexes
  8204 | D:6      | Reached skill level 8 in Fire Magic
  8220 | D:6      | Killed a skeletal warrior
  8221 | D:6      | Reached XP level 10. HP: 63/63 MP: 15/20
  8224 | D:6      | Killed a skeletal warrior
  8754 | D:7      | Reached skill level 5 in Stealth
  8758 | D:7      | Reached skill level 9 in Fire Magic
  9326 | D:7      | Noticed Dowan
  9328 | D:7      | Noticed Duvessa
  9331 | D:7      | Your ally Dowan died
  9334 | D:7      | Killed Duvessa
  9797 | D:7      | Reached * piety under Sif Muna
  9852 | D:7      | Found a shimmering altar of Xom.
  9910 | D:7      | Found a glowing golden altar of the Shining One.
  9962 | D:7      | Paralysed by a gnoll sergeant for 6 turns
  9968 | D:7      | Mangled by a hornet

Illustrated notes

Levels and vault maps discovered:
D:1:      minmay_arrival_diagonal_passages, layout_basic,
          basic_ecumenical_altar, minmay_misc_feat_chi, minmay_pentomino_v4
D:2:      layout_loops_corners, minmay_increasing_density, uniq_natasha
D:3:      layout_basic, nicolae_elevator_lobby_asterisk
D:4:      layout_basic, gammafunk_temple_overflow_pools, fedhas_altar_1,
          minmay_shop_grid_forest, uniq_crazy_yiuf_cottage, uniq_sigmund
D:5:      layout_rooms, chequers_arboretum, serial_park_tiny_1,
          uniq_prince_ribbit1
D:6:      black_bear_nest_1, layout_gridville, elyvilon_altar_5,
          minmay_temple_entry_slanted, grunt_ministairs_3
D:7:      layout_gridville, general_overflow_altar,
          mainiacjoe_overflow_six_doors_small, minmay_the_grid_2x2
          [minmay_the_grid_spin_star, minmay_the_grid_armoury,
          minmay_the_grid_fan, minmay_the_grid_prize_inner_circle], uniq_duvessa
Temple:   nicolae_temple_x_marks_the_god

Skill      XL: |  1  2  3  4  5  6  7  8  9 10 |
---------------+-------------------------------+-----
Stealth        | 3 4 5 |  5.1
Spellcasting   | 3 4 6 7 |  7.7
Fire Magic     | 4 5 6 8 9 |  9.3
Fighting       | 1 2 3 |  3.2
Conjurations   | 2 4 5 |  5.7
Short Blades   | 1 2 |  2.0
Dodging        | 3 |  3.4
Long Blades    | 2 3 |  3.1
Evocations     | 1 2 |  2.2
Hexes          | 1 |  1.4
Throwing       | |  0.1

Action                   |  1- 3 |  4- 6 |  7- 9 | 10-12 || total
-------------------------+-------+-------+-------+-------++-------
Melee: Dagger            |    29 |     5 |       |       ||    34
       Constrict         |     6 |     7 |     5 |     1 ||    19
       Tentacles         |     3 |     7 |     2 |     2 ||    14
       Short sword       |       |    30 |       |       ||    30
       Long sword        |       |       |    22 |    10 ||    32
Throw: Throwing net      |       |     1 |       |       ||     1
 Cast: Foxfire           |    71 |    80 |   128 |    28 ||   307
       Inner Flame       |       |     4 |     4 |     4 ||    12
       Scorch            |       |       |     9 |     6 ||    15
       Conjure Flame     |       |       |     3 |       ||     3
       Flame Wave        |       |       |     2 |     4 ||     6
Evoke: Wand              |       |       |     6 |     1 ||     7
  Use: Scroll            |       |     1 |     4 |    12 ||    17
       Potion            |       |     1 |       |     1 ||     2
 Stab: Sleeping          |     4 |     1 |     1 |     2 ||     8
Armor: Skin              |     3 |     1 |     1 |     1 ||     6
Dodge: Dodged            |    30 |    61 |    42 |    22 ||   155

Table legend: (Time is in decaauts)
 A = Elapsed time spent in this place.
 B = Non-inter-level travel time spent in this place.
 C = Inter-level travel time spent in this place.
 D = Time resting spent in this place.
 E = Time spent auto-exploring this place.
 F = Levels seen in this place.
 G = Mean time per level.
                   A        B        C        D        E       F      G
               +--------+--------+--------+--------+--------+-----+--------+
         Total |   9985 |   9831 |    154 |    786 |   6724 |   8 | 1248.1 |
       Dungeon |   9976 |   9822 |    154 |    786 |   6724 |   7 | 1425.1 |
        Temple |      8 |      8 |      0 |      0 |      0 |   1 |    8.0 |
               +--------+--------+--------+--------+--------+-----+--------+

Top non-repeatable levels by time:
     D:3: 1796 daAuts
     D:4: 1654 daAuts
     D:2: 1517 daAuts
     D:6: 1491 daAuts
     D:5: 1313 daAuts
     D:1: 1229 daAuts
     D:7: 973 daAuts
  Temple: 8 daAuts
